Unix NetHack Version 5.0.0-0 post-release - last build Jun 10 2026 00:39:30 (3ee93aec679c4c4259841fe613dc97188e26a321,branch:main).

Game began 2026-07-05 13:02:23, ended 2026-07-08 11:04:15.

Anarchos, lawful male dwarven Valkyrie

                            -------     -------
                            |..)..|--   |.(|.>|
                            |.....-.|   |.....|
                          --|.....|-|   |.--)---
                          |.-*....-`|  --.|....----
                          |)|.)...|-| --..|.......|
                          |[|.....-.| |...|---....|
                          |.|....`|-- |...|..|....|
                          |=|------   |...|.......|
                          |.|        --......|....--
                          |.|        |....|..|.....|
                          |)|        |...`|--|`....|
                          |.|        |...--  --.|%(|
                          |.|        -----    |?----
                          |[-------------------%l|
                          |`*....u..)..[!....@qoG|
                          ------------------------

Anarchos the Fighter        St:18/01 Dx:15 Co:18 In:8 Wi:9 Ch:9  Lawful
Dlvl:2  $:2635 HP:0(103) Pw:12(12) AC:-10 Xp:9 T:11299  Burdened

Latest messages:
 What do you want to wield? [- hjqrtIOX or ?*] I
 I - a corroded long sword (weapon in right hand).
 The Grey-elf swings her elven bow.
 The Grey-elf hits!
 The warhorse drops a dwarvish cloak.
 What do you want to wear? [v or ?*] v
 The Grey-elf swings her elven bow.
 The Grey-elf hits!
 Your warhorse steps reluctantly onto a pair of iron shoes.
 You finish your dressing maneuver.
 The Grey-elf swings her elven bow.
 The Grey-elf misses!
 You miss the Grey-elf.
 The Grey-elf swings her elven bow.
 The Grey-elf misses!
 You hit the Grey-elf!
 The Grey-elf swings her elven bow.
 The Grey-elf misses!
 You hit the Grey-elf!
 The Woodland-elf picks up a dagger.
 The Grey-elf swings her elven bow.
 The Grey-elf misses!
 The Woodland-elf wields a dagger!
 The dagger welds itself to the Woodland-elf's hand!
 The Grey-elf swings her elven bow.
 The Grey-elf misses!
 You kill the Grey-elf!
 The Woodland-elf picks up an elven mithril-coat.
 You hit the Woodland-elf!
 You hit the Woodland-elf!
 The Woodland-elf thrusts her dagger.
 The Woodland-elf hits!
 The Woodland-elf thrusts her dagger.
 The Woodland-elf hits!
 The warhorse picks up a dwarvish cloak.
 You hit the Woodland-elf!
 The Woodland-elf thrusts her dagger.
 The Woodland-elf misses!
 You kill the Woodland-elf!
 What do you want to take off? [vAGKN or ?*] ?
 The mumak butts!
 The mumak misses!
 You finish taking off your boots.
 What do you want to wear? [pK or ?*] p
 The mumak butts!
 The mumak misses!
 The warhorse drops a dwarvish cloak.
 The mumak butts!
 You die...
 Do you want your possessions identified? [ynq] (y) q

Inventory:
 Coins    ('$')
  $ - 2635 gold pieces
 Amulets  ('"')
  L - an uncursed amulet of reflection (being worn)
 Weapons  (')')
  t - 3 blessed +0 elven arrows
  h - 5 rusty +0 daggers
  j - a corroded +2 dwarvish spear
  r - a +0 elven dagger
  X - a cursed -1 elven dagger
  I - a corroded +0 long sword (weapon in right hand)
 Armor    ('[')
  v - an uncursed +0 dwarvish iron helm (being worn)
  A - an uncursed burnt +1 pair of leather gloves (being worn)
  K - an uncursed +1 pair of elven boots
  p - an uncursed +0 pair of iron shoes (being donned)
  G - an uncursed +3 small shield (being worn)
  W - an uncursed +0 small shield
  N - a blessed +2 cloak of displacement (being worn)
  k - an uncursed +0 cloak of invisibility
  H - an uncursed +0 elven cloak
  n - an uncursed +0 mummy wrapping
  B - an uncursed +2 splint mail (being worn)
 Comestibles  ('%')
  y - an uncursed cream pie
  T - 8 uncursed food rations
  f - an uncursed homemade tin of python meat
  l - an uncursed lichen corpse
  M - 3 uncursed lizard corpses
 Rings    ('=')
  R - a cursed ring of aggravate monster named cursed
  Y - a cursed ring of aggravate monster
  d - a blessed +1 ring of gain constitution
  V - a blessed +2 ring of gain strength (on left hand)
  m - an uncursed ring of poison resistance (on right hand)
 Wands    ('/')
  Z - a wand of create monster (0:15)
  F - a wand of create monster (0:11)
  D - a wand of create monster (0:0)
  C - a wand of light (0:15)
  g - a wand of lightning (0:7)
  J - a wand of secret door detection (0:12)
  b - a wand of speed monster (0:6)
  Q - a wand of teleportation (0:3)
 Tools    ('(')
  O - a +0 pick-axe
  S - an uncursed skeleton key
  q - a +0 unicorn horn

Anarchos the Valkyrie's attributes:

Background:
 You were a Fighter, a level 9 male dwarven Valkyrie.
 You were lawful, nominally on a mission for Tyr
 who was opposed by Odin (neutral) and Loki (chaotic).
 You started out female.
 You were right-handed.
 You were in Sokoban, on level 2.
 You entered the dungeon 11299 turns ago.
 You had 3779 experience points, 1341 more were needed to attain level 10.

Basics:
 You had 0 out of 103 hit points.
 You had all 12 energy points (spell power).
 Your armor class was -10.
 Your wallet contained 2635 zorkmids.
 Autopickup was on for all types.

Final Characteristics:
 Your strength was 18/01 (base:17, limit:18/100).
 Your dexterity was 15 (limit:20).
 Your constitution was 18 (limit:20).
 Your intelligence was 8 (limit:16).
 Your wisdom was 9 (limit:16).
 Your charisma was 9 (limit:16).

Final Status:
 You weren't hungry.
 You were burdened; movement was slightly slowed.
 You were wielding a long sword.
 You were skilled in long sword.

Final Attributes:
 You were piously aligned.
 You were cold resistant.
 You were poison resistant.
 You had infravision.
 You were displaced.
 You were stealthy.
 You were warded.
 Your spell casting was impaired by metallic armor.
 You were fast.
 You had reflection.
 You are dead.

Miscellaneous:
 You didn't encounter any bones levels.
 Total elapsed playing time was 4 hours, 10 minutes and 36 seconds.

Major events:
 Turn
    1: Anarchos the lawful dwarven Valkyrie entered the dungeon
  617: attained the rank of Skirmisher (level 3)
 1757: found Sting in a shop
 2924: entered the Gnomish Mines
 4048: attained the rank of Fighter (level 6)
 4448: reached Mine Town
 5718: entered Sokoban
 6134: completed 1st Sokoban level
 6632: completed 2nd Sokoban level
 7304: completed 3rd Sokoban level
 8813: completed 4th Sokoban level
11154: acquired the Sokoban amulet of reflection
11299: killed by a mumak, while dressing up

Spells:
 Name                 Level Category     Fail Retention
 healing                1   healing      100%    (gone)

Skills:
 Fighting Skills
   bare handed combat [Unskilled]
   two weapon combat  [Unskilled]
   riding             [Unskilled]
 Weapon Skills
   dagger             [Basic]
   axe                [Unskilled]
   pick-axe           [Unskilled]
   short sword        [Unskilled]
   broadsword         [Unskilled]
   long sword         [Skilled]
   two-handed sword   [Unskilled]
   saber              [Unskilled]
   hammer             [Unskilled]
   quarterstaff       [Unskilled]
   polearms           [Unskilled]
   spear              [Basic]
   trident            [Unskilled]
   lance              [Unskilled]
   sling              [Unskilled]
 Spellcasting Skills
   attack spells      [Unskilled]
   escape spells      [Unskilled]

Voluntary challenges:
 Character rerolling was not enabled.
 You were an atheist.
 You never genocided any monsters.
 You never polymorphed an object.
 You used no wishes.
 You violated the special Sokoban rules once.
Achievements:
 You entered a shop.
 You attained the rank of Skirmisher.
 You entered the Gnomish Mines.
 You attained the rank of Fighter.
 You entered Minetown.
 You entered Sokoban.
 You completed Sokoban.

 The Dungeons of Doom: levels 1 to 6
    Level 1:
    Level 2:
       An armor shop, a fountain.
    Level 3:
       An armor shop.
    Level 4:
       A general store.
       Stairs down to The Gnomish Mines.
    Level 5:
       Many fountains.
       Oracle of Delphi.
    Level 6:
       Some fountains.
       Stairs up to Sokoban, level 5.
 The Gnomish Mines: levels 5 to 7
    Level 5:
    Level 6:
    Level 7:
       A fountain.
 Sokoban: levels 5 up to 2
    Level 2: <- You were here.
       Solved.
       Final resting place for
          you, killed by a mumak, while dressing up.
    Level 3:
       Solved.
    Level 4:
       Solved.
    Level 5:
       Solved.


Vanquished creatures:
  2 giant mimics
  a wumpus
  2 stalkers
  3 small mimics
  a warhorse
  a xan
 an ettin mummy
 an ogre leader
  3 trolls
  a flaming sphere
  a tiger
  a dwarf ruler
  4 tengu
  2 ochre jellies
 an elf mummy
  a wraith
  a carnivorous ape
 an ettin zombie
  a Grey-elf
  2 soldiers
 an amorous demon
  2 chameleons
  a giant beetle
  a winter wolf cub
  a lynx
  a panther
  a spotted jelly
  a leprechaun
  2 orc-captains
  2 iron piercers
  a giant spider
  a vampire bat
  a gnome ruler
  a dwarf mummy
  3 ogres
  2 rust monsters
  2 owlbears
  a yeti
  a werewolf
  a Green-elf
  4 lizards
  a chickatrice
  a dingo
  a dog
  a black unicorn
  2 dust vortices
  2 ravens
  a gnome mummy
  a snake
 an ape
  4 human zombies
  6 Woodland-elves
  a fire ant
  a bugbear
 an imp
  2 quasits
  a wood nymph
  3 water nymphs
  2 mountain nymphs
  8 Mordor orcs
  9 Uruk-hai
 an orc shaman
  6 rock piercers
  2 rock moles
  a fog cloud
  a yellow light
  3 violet fungi
  a gnome leader
  a gnomish wizard
  a golden naga hatchling
  a barrow wight
 an elf zombie
  a ghoul
  a paper golem
  2 giant ants
  2 floating eyes
  2 kittens
  4 dwarves
  2 kobold leaders
  3 hill orcs
  8 rothes
  2 rabid rats
  4 giant bats
  a monkey
  3 orc zombies
  a dwarf zombie
  a wererat
  a werejackal
  3 iguanas
  a killer bee
  4 acid blobs
  2 gas spores
  a hobbit
  5 large kobolds
  3 hobgoblins
  5 giant rats
  3 cave spiders
  a yellow mold
  9 gnomes
 11 garter snakes
  9 geckos
  7 jackals
  a goblin
  7 sewer rats
 12 grid bugs
  5 bats
  4 lichens
  5 kobold zombies
  6 newts
272 creatures vanquished.

No species were genocided or became extinct.

Game over:
                       ----------
                      /          \
                     /    REST    \
                    /      IN      \
                   /     PEACE      \
                  /                  \
                  |     Anarchos     |
                  |     2635 Au      |
                  |   killed by a    |
                  |      mumak       |
                  |                  |
                  |                  |
                  |       2026       |
                 *|     *  *  *      | *
        _________)/\\_//(\/(/\)/\//\/|_)_______

Farvel Anarchos the Valkyrie...

You died in Sokoban on dungeon level 2 with 22564 points,
and 2635 pieces of gold, after 11299 moves.
You were level 9 with a maximum of 103 hit points when you died.

